 Dungeon Crawl Stone Soup version 0.29.1-14-g9c671dbff4 (webtiles) character file.

Game seed: 682407379165976328

24052 Kangrisorn the Fighter (level 12, -13/112 HPs)
             Began as a Minotaur Fighter on Feb 17, 2023.
             Was the Champion of Okawaru.
             Mangled by a death yak simulacrum (36 damage)
             ... on level 1 of the Lair of Beasts on Feb 18, 2023.
             The game lasted 00:51:39 (11428 turns).

Kangrisorn the Fighter (Minotaur Fighter)          Turns: 11428, Time: 00:51:40

Health: -13/112    AC: 27    Str: 26    XL:     12   Next: 77%
Magic:  9/11       EV:  9    Int:  7    God:    Okawaru [******]
Gold:   192        SH: 13    Dex: 10    Spells: 11/11 levels left

rFire   + . .      SeeInvis .   d - +5 broad axe (venom)
rCold   . . .      Faith    .   b - +0 kite shield
rNeg    + . .      Spirit   .   n - +1 plate armour
rPois   .          Reflect  .   e - +0 hat of the Armadillo {Regen+ Int+2}
rElec   .          Harm     .   B - +2 cloak {rCorr}
rCorr   +          Rampage  .   L - +0 pair of gloves
Will    .....                   g - +1 pair of boots
Stlth   ..........              (no amulet)
HPRegen 1.08/turn               j - ring of positive energy
MPRegen 0.12/turn               D - ring "Tozy" {Wiz rF+}

@: mighty, lethally poisoned (-13 -> -34), heroic
A: horns 2, retaliatory headbutt
a: Renounce Religion, Heroism, Finesse, Duel


You were on level 1 of the Lair of Beasts.
You worshipped Okawaru.
Okawaru was exalted by your worship.
You visited 3 branches of the dungeon, and saw 14 of its levels.
You visited the Abyss 1 time.
You also visited: Ossuary and Bailey.

You collected 828 gold pieces.
You spent 636 gold pieces at shops.

Inventory:

Hand Weapons
 a - a +0 war axe
 d - a +5 broad axe of venom (weapon)
 M - a +1 scimitar of flaming
Missiles
 m - 16 poisoned darts
 C - 16 boomerangs (quivered)
 F - 8 javelins
Armour
 b - a +0 kite shield (worn)
 e - the +0 hat of the Armadillo (worn) {Regen+ Int+2}
   (You acquired it on level 1 of the Dungeon)

   Int:       It affects your intelligence (+2).
   Regen:     It increases your rate of health regeneration.
 g - a +1 pair of boots (worn)
 n - a +1 plate armour (worn)
 B - a +2 cloak of preservation (worn)
 L - a +0 pair of gloves (worn)
Jewellery
 j - a ring of positive energy (left hand)
 k - a ring of protection from fire
 l - a ring of resist corrosion
 u - a ring of flight
 z - a ring of positive energy
 A - the ring "Mufaehaec" {Fire Fly Int-2 Dex-4 SInv}
   (You found it on level 5 of the Dungeon)

   [ring of fire]

   It enhances your fire magic.
   Int:       It affects your intelligence (-2).
   Dex:       It affects your dexterity (-4).
   rF:        It protects you from fire.
   rC:        It makes you vulnerable to cold.
   SInv:      It lets you see invisible.
   Fly:       It grants you flight.
 D - the ring "Tozy" (right hand) {Wiz rF+}
   (You found it on level 7 of the Dungeon)

   [ring of wizardry]

   It improves your spell success rate.
   rF:        It protects you from fire.
 E - a ring of see invisible
 N - a ring of ice
Wands
 o - a wand of flame (15)
 p - a wand of iceblast (7)
 s - a wand of polymorph (12)
 y - a wand of digging (6)
 Q - a wand of paralysis (8)
Scrolls
 c - 3 scrolls of poison
 h - 5 scrolls of amnesia
 r - 2 scrolls of blinking
 t - a scroll of silence
 x - 3 scrolls of teleportation
 G - 3 scrolls of immolation
 O - a scroll of fear
 P - a scroll of enchant weapon
Potions
 f - 4 potions of mutation
 i - 5 potions of curing
 q - 2 potions of berserk rage
 v - 2 potions of haste
 w - 3 potions of flight
 H - a potion of heal wounds
 I - a potion of resistance
 J - a potion of might
 K - 2 potions of ambrosia


   Skills:
 + Level 12.3(17.3) Fighting
 + Level 12.0(17.0) Axes
 + Level 9.8(14.8) Throwing
 + Level 12.2(17.2) Armour
 + Level 12.2(17.2) Shields


You had 11 spell levels left.
You didn't know any spells.
Your spell library contained the following spells:

 Spells                   Type           Power      Damage    Failure   Level
 Beastly Appendage        Tmut           0%         N/A       85%         1
 Magic Dart               Conj           0%         1d3       85%         1
 Searing Ray              Conj           0%         2d4       92%         2
 Conjure Flame            Conj/Fire      0%         6-21      99%         3
 Dazzling Flash           Conj/Hex       0%         N/A       99%         3
 Gell's Gravitas          Tloc           0%         N/A       99%         3
 Ignite Poison            Fire/Tmut/Pois 0%         N/A       99%         3
 Teleport Other           Tloc           0%         N/A       99%         3
 Fulminant Prism          Conj/Hex       0%         3d6       100%        4
 Petrify                  Tmut/Erth      0%         N/A       100%        4
 Sticky Flame             Conj/Fire      0%         2d3       100%        4
 Agony                    Necr           0%         N/A       100%        5
 Metabolic Englaciation   Hex/Ice        0%         N/A       100%        5
 Silence                  Hex/Air        0%         N/A       100%        5
 Dispersal                Tloc           0%         N/A       100%        6
 Statue Form              Tmut/Erth      0%         N/A       100%        6
 Summon Small Mammal      Summ           Unusable   N/A       N/A         1
 Call Canine Familiar     Summ           Unusable   N/A       N/A         3
 Summon Guardian Golem    Hex/Summ       Unusable   N/A       N/A         3

Dungeon Overview and Level Annotations

Branches:
Dungeon (12/15)            Temple (1/1) D:5            Lair (1/5) D:8
    Orc (0/2) D:10        Ossuary (visited)          Bailey (visited)

Altars:
Ashenzari
Cheibriados
Dithmenos
Elyvilon
Fedhas
Gozag
Hepliaklqana
Kikubaaqudgha
Makhleb
Nemelex Xobeh
Okawaru
Qazlal
Ru
Sif Muna
Trog
Uskayaw
Vehumet
Wu Jian
Xom
Yredelemnul
Zin
The Shining One

Shops:
D:4 =   D:5 [   D:6 [   D:7 :   D:10 *(*=[

Annotations:
Lair:1 laros's ghost, journeyman MiBe


Innate Abilities, Weirdness & Mutations

You have a pair of horns on your head.
You reflexively headbutt those who attack you in melee.


Message History

The yak is engulfed in freezing vapours.
The yak dies!
You feel better.
The death yak simulacrum gores you but does no damage.
You block laros's ghost's attack.
You feel much better.
You block the death yak simulacrum's attack.
Laros's ghost hits you!
You are poisoned.
You feel very mighty all of a sudden.
You feel very sick.
You block the death yak simulacrum's attack.
Laros's ghost hits you but does no damage.
You gain the combat prowess of a mighty hero.
You feel very sick.
The death yak simulacrum gores you but does no damage.
Laros's ghost hits you!
You are more poisoned.
You slice laros's ghost!!
Laros's ghost is heavily damaged.
You hit the death yak simulacrum.
You feel very sick.
You slash laros's ghost!
Laros's ghost is heavily damaged.
You slash the death yak simulacrum!
You feel very sick.
Laros's ghost yells, "Who would have thought, even in death it is a pleasure to sever!"
You block laros's ghost's attack.
The death yak simulacrum gores you but does no damage.
You slash laros's ghost! You headbutt laros's ghost!!
Laros's ghost is almost destroyed.
You hit the death yak simulacrum.
You feel very sick. Laros's ghost hits you!
* * * LOW HITPOINT WARNING * * *
You are more poisoned.
The death yak simulacrum gores you.
* * * LOW HITPOINT WARNING * * *
The death yak simulacrum freezes you!!!
You die...

##....###....................P
##... #########..............
..#.#$.#..............
##.)=!.##.........P....
#.......#.............P
##.....##..............
#....Z..#..............
####''W###..............
#.#...†@...............P
......Z................
.......................
####..................
#.....###.......#.. #....##
##...^...#. #.....# #...##..#
.......# ##....... ..#......
..#.#


You could see a spectral torpor snail, laros's ghost and a death yak simulacrum.

Vanquished Creatures
  2 vault guards (Bailey)
  A boulder beetle (D:12)
  A hydra (D:12)
  Erica (D:11)
  A centaur warrior (D:8)
  A two-headed ogre (D:11)
  A deep elf pyromancer (D:12)
  A manticore (D:12)
  An ugly thing (D:12)
  2 cyclopes (D:11)
  8 slime creatures
  A kobold demonologist (D:12)
  3 gargoyles
  The ghost of H0rd4k the Insei, a novice OpAr of Gozag (D:5)
  An unseen horror (D:11)
  A komodo dragon (D:10)
  2 trolls
  2 burning bushes (Lair:1)
  Grinder (D:3)
  Prince Ribbit (Bailey)
  2 shadows
  A wraith (D:9)
  2 humans (Bailey)
  Eustachio (D:4)
  A basilisk (D:11)
  3 wyverns
  3 steam dragons
  11 yaks
  16 vampire mosquitoes
  An acid dragon (D:9)
  A hydra simulacrum (Lair:1)
  3 water moccasins
  3 ice beasts
  A sky beast (D:6)
  Duvessa (D:4)
  2 black bears (D:5)
  10 orc warriors
  A black mamba simulacrum (Lair:1)
  A boulder beetle simulacrum (Lair:1)
  An ogre (D:5)
  5 centaurs
  3 phantoms (D:6)
  2 kobold brigands (D:12)
  17 bullfrogs
  6 elf zombies (Ossuary)
  A gnoll sergeant (D:10)
  A necrophage (D:7)
  2 scorpions (D:5)
  18 wights
  Dowan (D:4)
  4 killer bees (D:8)
  2 electric eels (D:10)
  4 howler monkeys
  A crimson imp (D:8)
  3 hounds
  A gnoll bouda (D:9)
  7 orc priests
  A jelly (D:6)
  3 iguanas
  16 orc wizards
  Ijyb (D:5)
  2 bullfrog simulacra (D:5)
  4 mummies
  9 adders
  17 gnolls
  4 hound simulacra (D:5)
  3 white imps
  3 adder zombies (Ossuary)
  A dart slug (D:3)
  49 orcs
  4 bats
  4 endoplasms
  6 goblins
  5 hobgoblins
  12 kobolds
  5 quokkas
  2 ball pythons
  11 frilled lizards
  3 gnoll zombies (Ossuary)
  3 goblin zombies (Ossuary)
  4 hobgoblin zombies (Ossuary)
  5 kobold zombies
  3 orc zombies
  5 quokka zombies (Ossuary)
  2 rats
  5 rat zombies (Ossuary)
  A bush (Lair:1)
369 creatures vanquished.

Vanquished Creatures (others)
  A yak (Lair:1)
  3 orc wizards
  A white imp (D:8)
  An orc (D:10)
  12 plants
18 creatures vanquished.

Grand Total: 387 creatures vanquished

Notes
Turn   | Place    | Note
-------+----------+-------------------------------------------
     0 | D:1      | Kangrisorn the Minotaur Fighter began the quest for the
                  | Orb.
     0 | D:1      | Reached XP level 1. HP: 19/19 MP: 0/0
   215 | D:1      | Identified a scroll of acquirement
   215 | D:1      | Acquired the +0 hat of the Armadillo {Regen+ Int+2}
   416 | D:1      | Reached XP level 2. HP: 25/27 MP: 1/1
   708 | D:2      | Found a faded altar of an unknown god.
   722 | D:2      | Got the Compilation of Forms
   871 | D:2      | Found a basalt altar of Yredelemnul.
   957 | D:2      | Reached XP level 3. HP: 33/33 MP: 2/2
  1292 | D:3      | Found a transporter.
  1308 | D:3      | Found a transporter.
  1385 | D:3      | Found a shadowy altar of Dithmenos.
  1395 | D:3      | Noticed Grinder
  1398 | D:3      | Paralysed by Grinder for 4 turns
  1405 | D:3      | Killed Grinder
  1406 | D:3      | Reached skill level 1 in Throwing
  1406 | D:3      | Reached XP level 4. HP: 32/41 MP: 3/3
  1406 | D:3      | Reached XP level 5. HP: 36/47 MP: 4/4
  1483 | D:3      | Found a hazy altar of Hepliaklqana.
  2106 | D:3      | Reached XP level 6. HP: 55/55 MP: 5/5
  2334 | D:3      | Reached skill level 5 in Fighting
  2408 | D:4      | Reached skill level 5 in Armour
  2573 | D:4      | Reached skill level 5 in Shields
  2633 | D:4      | Noticed Duvessa
  2641 | D:4      | Killed Duvessa
  2642 | D:4      | Noticed Dowan
  2653 | D:4      | Killed Dowan
  2761 | D:4      | Identified the +2 robe of Qejiekk {Int+3 Dex+8 Slay-6}
  2947 | D:4      | Found Wicuidah's Jewellery Shop.
  2972 | D:4      | Noticed Eustachio
  2977 | D:4      | Reached XP level 7. HP: 50/61 MP: 6/6
  2993 | D:4      | Killed Eustachio
  3247 | D:5      | Entered Level 5 of the Dungeon
  3269 | D:5      | Reached skill level 5 in Axes
  3279 | D:5      | Found a runed translucent gate.
  3279 | D:5      | Found a runed translucent gate.
  3288 | D:5      | Found a runed translucent gate.
  3290 | D:5      | Found a staircase to the Ecumenical Temple.
  3293 | D:5      | Noticed Ijyb
  3302 | D:5      | Killed Ijyb
  3309 | Temple   | Entered the Ecumenical Temple
  3506 | D:5      | Found a hide-covered altar of Uskayaw.
  3506 | D:5      | Found a blossoming altar of Fedhas.
  3508 | D:5      | Found a broken altar of Ashenzari.
  3508 | D:5      | Found an iron altar of Okawaru.
  3514 | D:5      | Became a worshipper of Warmaster Okawaru
  3560 | D:5      | Reached XP level 8. HP: 55/70 MP: 7/7
  3604 | D:5      | Found a sand-covered staircase.
  3613 | Ossuary  | Entered an ossuary
  3674 | Ossuary  | Reached * piety under Okawaru
  4027 | D:5      | Found Ugei's Armour Emporium.
  4420 | D:5      | Noticed H0rd4k's ghost (novice OpAr)
  4439 | D:5      | Killed H0rd4k's ghost
  4439 | D:5      | Reached ** piety under Okawaru
  4440 | D:5      | Reached XP level 9. HP: 74/79 MP: 8/8
  4444 | D:5      | Identified the ring "Mufaehaec" {Fire Fly Int-2 Dex-4 SInv}
  4530 | D:5      | Reached skill level 5 in Throwing
  4570 | D:5      | Bought a +2 cloak of preservation for 258 gold pieces
  4662 | D:6      | Found a sacrificial altar of Ru.
  4947 | D:6      | Found Cerr's Armour Shop.
  4981 | D:6      | Noticed a troll
  5002 | D:6      | Killed a troll
  5074 | D:6      | Found a shimmering blue altar of Sif Muna.
  5285 | D:6      | Reached *** piety under Okawaru
  5457 | D:7      | Found Fuofuc's Vocational Training.
  5569 | D:7      | Found a flagged portal.
  5611 | Bailey   | Entered a bailey
  5617 | Bailey   | Reached XP level 10. HP: 90/90 MP: 9/9
  5704 | Bailey   | Noticed Prince Ribbit
  5707 | Bailey   | Noticed a vault guard
  5726 | Bailey   | Killed a vault guard
  5726 | Bailey   | Reached **** piety under Okawaru
  5728 | Bailey   | Killed Prince Ribbit
  5728 | Bailey   | Received a gift from Okawaru
  5771 | Bailey   | Noticed a vault guard
  5787 | Bailey   | Killed a vault guard
  5799 | Bailey   | Acquired 1163 gold pieces
  6021 | D:7      | Identified the ring "Tozy" {Wiz rF+}
  6057 | D:7      | Reached ***** piety under Okawaru
  6988 | D:8      | Noticed a centaur warrior
  6998 | D:8      | Killed a centaur warrior
  6999 | D:8      | Reached XP level 11. HP: 77/99 MP: 10/10
  7076 | D:8      | Reached skill level 10 in Fighting
  7076 | D:8      | Reached skill level 10 in Armour
  7078 | D:8      | Reached skill level 10 in Shields
  7081 | D:8      | Identified the +1 robe of Cowardice {Str+5} (Okawaru gifted
                  | it to you on level 8 of the Dungeon)
  7081 | D:8      | Received a gift from Okawaru
  7181 | D:8      | Found a staircase to the Lair.
  7366 | D:8      | Found a burning altar of Makhleb.
  7366 | D:8      | Found a radiant altar of Vehumet.
  7963 | D:9      | Reached skill level 10 in Axes
  8034 | D:10     | Entered Level 10 of the Dungeon
  8226 | D:10     | Found Diti's General Store.
  8234 | D:10     | Bought 3 scrolls of enchant weapon for 315 gold pieces
  8234 | D:10     | Bought a +0 pair of gloves for 63 gold pieces
  8308 | Abyss:1  | Cast into level 1 of the Abyss (orc)
  8346 | D:10     | Escaped the Abyss
  8436 | D:10     | Found Rihug's Jewellery Emporium.
  8478 | D:10     | Found Paarab's Antique Armour Shop.
  8619 | D:10     | Found a staircase to the Orcish Mines.
  8826 | D:10     | Found Imay's Antique Weapon Boutique.
  8846 | D:10     | Found Yhoy's Assorted Antiques.
  8923 | D:11     | Noticed Erica
  8930 | D:11     | Killed Erica
  9055 | D:11     | Reached XP level 12. HP: 110/110 MP: 11/11
  9069 | D:11     | Found a runed translucent door.
  9407 | D:11     | Noticed a two-headed ogre
  9415 | D:11     | Killed a two-headed ogre
  9895 | D:12     | Received a gift from Okawaru
  9972 | D:12     | Found a transporter.
  9973 | D:12     | Found a transporter.
  9974 | D:12     | Found a transporter.
 10012 | D:12     | Found a transporter.
 10117 | D:12     | Noticed a boulder beetle
 10120 | D:12     | Received a gift from Okawaru
 10132 | D:12     | Killed a boulder beetle
 10132 | D:12     | Reached ****** piety under Okawaru
 10208 | D:12     | Noticed a seven-headed hydra
 10215 | D:12     | Killed a three-headed hydra
 10485 | D:12     | Identified the +2 robe "Xiulo" {rPois} (Okawaru gifted it
                  | to you on level 12 of the Dungeon)
 10485 | D:12     | Received a gift from Okawaru
 11199 | Lair:1   | Entered Level 1 of the Lair of Beasts
 11400 | Lair:1   | Found a runed translucent gate.
 11401 | Lair:1   | Found a runed translucent gate.
 11402 | Lair:1   | Found a runed translucent gate.
 11409 | Lair:1   | Noticed laros's ghost (journeyman MiBe)
 11428 | Lair:1   | Mangled by a death yak simulacrum

Illustrated notes

Levels and vault maps discovered:
D:1:      onia_arrival_mini_spirals, layout_basic, minmay_lizard_king
D:2:      layout_basic, basic_altar, nicolae_ecumenical_pavilion
D:3:      gammafunk_wand_slinger, layout_rooms, overflow_temple_1_default,
          nicolae_dithmenos_through_a_glass_darkly, serial_co_window_serial,
          co_window_paths_a, co_window_paths_a, co_window_paths_b,
          co_window_paths_b, co_window_corner_a, co_window_2corner,
          co_window_of_opportunity_b, co_window_cross_2, co_window_cross_4,
          co_window_broadway_a, co_window_2corner, co_window_2corner,
          glass_columns_c, glass_columns_a, kennysheep_generic_room_13,
          uniq_grinder
D:4:      layout_loops_corners, serial_shops, nicolae_shop_window_shopping,
          uniq_eustachio, uniq_duvessa
D:5:      layout_basic, mainiacjoe_overflow_alcove_3,
          minmay_temple_entry_junction_2, gammafunk_ghost_icy, serial_shops,
          shop, nicolae_ossuary_entry_giza, minmay_misc_feat_iff, uniq_ijyb
D:6:      layout_basic, lemuel_round_altar, led_sif_book, serial_shops,
          nicolae_stop_n_shop_2
D:7:      layout_loops_corners, enter_bailey_2, dk_noncrumbling_3,
          minmay_stone_trees_small, nicolae_shop_vocational
D:8:      layout_cave_pods, grunt_temple_overflow_lords_of_destruction,
          lair_entry_dummy, serial_park, serial_park_avenue1, serial_park_gazebo
          [serial_park_minivault_5x5_1], serial_park_tiny_1,
          serial_park_square2, minmay_starry_boxes
D:9:      layout_rooms
D:10:     layout_roguey, erik_orc_2, serial_shops, nicolae_shop_hallway_plus,
          shop, nicolae_shop_overgrown_old_shop, shop, shop
D:11:     layout_loops_corners, lightli_church_of_beogh, uniq_erica
D:12:     layout_irregular_city, nicolae_diode_quadrants
Temple:   hellmonk_temple_forest_ring
Lair:1:   layout_gridlike, gammafunk_ghost_necromancy, evilmike_ambush
          [evilmike_ambush_outer_corners, evilmike_ambush_inner_basic]

Skill      XL: |  1  2  3  4  5  6  7  8  9 10 11 12 |
---------------+-------------------------------------+-----
Fighting       | 4 5 6 7 8 9 11 12 | 12.3
Armour         | 4 5 6 7 8 9 11 12 | 12.2
Shields        | 4 5 6 7 8 9 11 12 | 12.2
Axes           | 3 4 5 6 8 9 10 12 | 12.0
Throwing       | 1 2 3 4 6 7 8 9 |  9.8

Action                   |  1- 3 |  4- 6 |  7- 9 | 10-12 || total
-------------------------+-------+-------+-------+-------++-------
Melee: War axe           |    56 |    85 |   349 |    72 ||   562
       Headbutt          |     4 |     6 |    63 |   118 ||   191
       Unarmed           |       |       |     3 |       ||     3
       Broad axe         |       |       |       |   443 ||   443
       Scimitar          |       |       |       |     4 ||     4
Throw: Dart              |       |     2 |    15 |       ||    17
       Boomerang         |       |       |       |    10 ||    10
Invok: Heroism           |       |       |       |     3 ||     3
Evoke: Wand              |       |       |    20 |       ||    20
  Use: Scroll            |     4 |     2 |     7 |    22 ||    35
       Potion            |       |       |     1 |     5 ||     6
Armor: Scale mail        |    20 |       |       |       ||    20
       Plate armour      |    10 |    68 |   262 |   409 ||   749
Dodge: Dodged            |    22 |    12 |    95 |   161 ||   290
Block: Buckler           |    10 |       |       |       ||    10
       Kite shield       |       |    62 |   176 |   332 ||   570
